 Dungeon Crawl Stone Soup version 0.32-a0-918-g0f22ef8d61 (webtiles) character file.

Game seed: 11253651368008086535

534 smashvw the Trooper (level 7, -8/38 HPs)
             Began as a Vine Stalker Fighter on Apr 11, 2024.
             Splashed by a jelly's acid (9 damage)
             ... on level 5 of the Dungeon.
             The game lasted 00:09:59 (3430 turns).

smashvw the Trooper (Vine Stalker Fighter)          Turns: 3430, Time: 00:10:00

Health: -8/38      AC: -5    Str: 20    XL:     7   Next: 25%
Magic:  0/8        EV:  9    Int:  8    God:
Gold:   241        SH:  5    Dex: 14    Spells: 6/6 levels left

rFire   . . .        a - +0 rapier
rCold   . . .        c - +0 buckler
rNeg    . . .        q - +4 ring mail {rPois}
rPois   +            (no helmet)
rElec   .            (no cloak)
rCorr   .            (no gloves)
SInv    .            l - +0 pair of boots
Will    .....        (no amulet)
Stlth   +            (no ring)
HPRegen 1.06/turn    (no ring)
MPRegen 0.11/turn

%: guardian spirit
@: corroded, studying Armour
A: fangs 2, regeneration 1, magic shield, antimagic bite, no potion heal 2
a: no special abilities


You were on level 5 of the Dungeon.
You visited 2 branches of the dungeon, and saw 6 of its levels.

You collected 241 gold pieces.

Inventory:

Hand Weapons
 a - a +0 rapier (weapon)
Missiles
 j - a throwing net (quivered)
Armour
 b - a scarf of harm
 c - a +0 buckler (worn)
 l - a +0 pair of boots (worn)
 q - a +4 ring mail of poison resistance (worn)
Wands
 p - a wand of paralysis (3)
Scrolls
 d - a scroll of noise {unknown}
 e - 4 scrolls of vulnerability {unknown}
 f - 2 scrolls of enchant armour {unknown}
 i - 5 scrolls of identify {unknown}
 k - 2 scrolls of immolation {unknown}
 m - 2 scrolls of teleportation {unknown}
 o - 2 scrolls of fear {unknown}
 r - a scroll of silence {unknown}
 t - a scroll of revelation {unknown}
Potions
 g - 2 potions of mutation {unknown}
 h - a potion of magic {unknown}
 n - a potion of cancellation {unknown}
 s - 2 potions of enlightenment {unknown}


   Skills:
 + Level 4.8 Fighting
 + Level 4.2 Short Blades
 - Level 2.4 Armour
 + Level 4.6 Shields


You had 6 spell levels left.
You didn't know any spells.
Your spell library contained the following spells:

 Spells                   Type           Power      Damage    Failure   Level
 Inner Flame              Hex/Fire       0%         N/A       95%         3
 Irradiate                Conj/Alch      0%         3d11      100%        5
 Ignition                 Fire           0%         3d3       100%        8


Dungeon Overview and Level Annotations

Branches:
Dungeon (5/15)             Temple (1/1) D:4

Altars:
Ashenzari
Dithmenos
Elyvilon
Fedhas
Hepliaklqana
Kikubaaqudgha
Makhleb
Okawaru
Trog
Wu Jian
Xom
Yredelemnul
Zin
The Shining One

Shops:
D:1 ?


Innate Abilities, Weirdness & Mutations

You have extremely sharp teeth.
Your natural rate of healing is unusually fast.
When hurt, damage is shared between your health and your magic reserves.
Your bite disrupts and absorbs the magic of your enemies.
Potions cannot restore your health.


Message History

You hit the jelly but do no damage. The acid corrodes you!
Your hands burn!
You bite the jelly. You drain its power.
You feel invigorated.
The jelly is moderately wounded.
You block the jelly's attack.
You barely miss the jelly.
The jelly is moderately wounded.
The jelly hits you.
You are splashed with acid.
You hit the jelly.
Your hands burn!
Your bite misses the jelly.
The jelly is heavily wounded.
You block the jelly's attack.
You hit the jelly but do no damage. The acid corrodes you!
Your hands burn!
You bite the jelly. You drain its power.
You feel invigorated.
The jelly is severely wounded.
The jelly hits you. The acid corrodes you!
You are splashed with acid!
You hit the jelly but do no damage.
Your hands burn!
You bite the jelly. You drain its power.
You feel invigorated.
The jelly is almost dead.
You block the jelly's attack.
You hit the jelly but do no damage.
Your hands burn!
The jelly is almost dead.
The jelly jiggles.
The jelly hits you. The acid corrodes you!
You are splashed with acid!
* * * LOW HITPOINT WARNING * * *
You hit the jelly but do no damage.
Your hands burn!
* * * LOW HITPOINT WARNING * * *
Your bite misses the jelly.
The jelly is almost dead.
The jelly hits you.
* * * LOW HITPOINT WARNING * * *
You are splashed with acid.
* * * LOW HITPOINT WARNING * * *
The jelly barely misses you.
You hit the jelly but do no damage.
Your hands burn!
* * * LOW HITPOINT WARNING * * *
You bite the jelly, but do no damage.
The jelly is almost dead.
The jelly hits you.
* * * LOW HITPOINT WARNING * * *
You are splashed with acid!
You die...

####.#..#.#######.###......#
........!..............<....
######.#..#.#.#####.######.###
..........#.#.# ...........
......[...#.#.############.###
.........##.#.................
................##########.###
.........<#.###.##.#.. .... #
...)......#fJ@...#.#.#####.# #
..........#####..#..... ..# #
..........#......#... ### #
#########.#.#..#.#.###### #
#.#.#............ #
#.#.##.#.#############
#.##.#.# ....... #.##<#.#
..#### #.####.# #


You could see a sleepcap and a jelly.

Vanquished Creatures
  An ogre (D:4)
  A scorpion (D:5)
  A howler monkey (D:4)
  A jelly (D:5)
  2 bombardier beetles
  A hound (D:5)
  Ijyb (D:3)
  An orc wizard (D:4)
  9 adders
  2 ufetubi (D:5)
  2 dart slugs
  A ribbon worm (D:2)
  3 orcs
  8 bats
  3 endoplasms
  5 giant cockroaches
  11 goblins
  3 hobgoblins
  5 jackals
  5 kobolds
  3 quokkas
  5 ball pythons
  5 frilled lizards
  11 rats
90 creatures vanquished.

Notes
Turn   | Place    | Note
-------+----------+-------------------------------------------
     0 | D:1      | smashvw the Vine Stalker Fighter began the quest for the
                  | Orb.
     0 | D:1      | Reached XP level 1. HP: 11/11 MP: 2/2
     5 | D:1      | Found Ygaanum's Magic Scroll Emporium.
    93 | D:1      | Reached XP level 2. HP: 15/16 MP: 3/3
   353 | D:1      | Reached XP level 3. HP: 20/20 MP: 2/4
   827 | D:2      | Reached XP level 4. HP: 19/24 MP: 5/5
  1472 | D:3      | Noticed Ijyb
  1482 | D:3      | Paralysed by Ijyb for 3 turns
  1487 | D:3      | Paralysed by Ijyb for 2 turns
  1492 | D:3      | Killed Ijyb
  1622 | D:3      | Reached XP level 5. HP: 29/29 MP: 6/6
  1654 | D:3      | Found a white marble altar of Elyvilon.
  2300 | D:4      | Noticed an ogre
  2482 | D:4      | Killed an ogre
  2483 | D:4      | Reached XP level 6. HP: 25/33 MP: 4/7
  2551 | D:4      | Found a staircase to the Ecumenical Temple.
  2558 | Temple   | Entered the Ecumenical Temple
  3102 | D:4      | Found a bloodstained altar of Trog.
  3132 | D:4      | Found an ornate altar of the Wu Jian Council.
  3192 | D:5      | Entered Level 5 of the Dungeon
  3331 | D:5      | Reached XP level 7. HP: 33/38 MP: 5/8
  3364 | D:5      | Found a shadowy altar of Dithmenos.
  3430 | D:5      | HP: 1/38 [acid (1)]
  3430 | D:5      | Splashed by a jelly's acid

Illustrated notes

Levels and vault maps discovered:
D:1:      psy_arrival_spokes, layout_loops_ring, serial_shops, shop
D:2:      layout_basic, nicolae_elevator_lobby_asterisk
D:3:      layout_loops_ring, nicolae_elyvilon_peaceful_grove,
          minmay_misc_feat_nine_boxes, chequers_serial_rivers_micro_a, uniq_ijyb
D:4:      layout_loops_ring, nicolae_wu_jian_glorious_leap,
          lightli_temple_of_fire, minmay_temple_entry_trees,
          corexii_leaking_fountain, minmay_manual_macuahuitl
D:5:      layout_basic, nicolae_sif_muna_condensation,
          mainiacjoe_overflow_brackets, uniq_menkaure
Temple:   cyrus_temple_forest

Skill      XL: |  1  2  3  4  5  6 |
---------------+-------------------+-----
Short Blades   | 2 3 4 |  4.2
Fighting       | 3 4 |  4.8
Shields        | 3 4 |  4.6
Armour         | |  2.4

Action                     |  1- 3 |  4- 6 |  7- 9 || total
---------------------------+-------+-------+-------++-------
  Melee: Rapier            |    92 |   211 |    24 ||   327
         Bite              |    17 |    61 |     7 ||    85
    Use: Potion            |       |     1 |       ||     1
 Armour: Scale mail        |    67 |    53 |       ||   120
         Ring mail         |       |   103 |    18 ||   121
  Dodge: Dodged            |    30 |   129 |     5 ||   164
  Block: Buckler           |    20 |    59 |     6 ||    85

Table legend: (Time is in decaauts)
 A = Elapsed time spent in this place.
 B = Non-inter-level travel time spent in this place.
 C = Inter-level travel time spent in this place.
 D = Time resting spent in this place.
 E = Time spent auto-exploring this place.
 F = Levels seen in this place.
 G = Mean time per level.
                   A        B        C        D        E       F      G
               +--------+--------+--------+--------+--------+-----+--------+
         Total |   3460 |   3288 |    172 |     29 |   2488 |   6 |  576.7 |
       Dungeon |   3458 |   3286 |    172 |     29 |   2488 |   5 |  691.6 |
        Temple |      1 |      1 |      0 |      0 |      0 |   1 |    1.0 |
               +--------+--------+--------+--------+--------+-----+--------+

Top non-repeatable levels by time:
     D:4: 925 daAuts
     D:3: 826 daAuts
     D:2: 794 daAuts
     D:1: 673 daAuts
     D:5: 239 daAuts
  Temple: 1 daAuts
